Map: Catalyst LE

Players

PasT - Winner!

  • Race: Zerg Zerg
  • League: Master
  • Spawn Location: 11:00

A.I. 1 (Very Easy)

  • Race: Terran Terran
  • Spawn Location: 5:00

VOD

Have the link to the VOD?

Description

Time

  • Played on: April 20, 2018, 2:49 p.m.
  • Length: 12:08
Show
View Real Time Build Order
Export as new Build Order

PasT Zerg - Winner!

Build Orders: Hatch First 

Get SALT Encoding   

  12  0:00  Drone  
  13  0:12  Overlord  
  13  0:17  Drone  
  14  0:30  Drone  
  14  0:31  Drone  
  14  0:34  Drone  
  17  0:53  Hatchery  
  17  0:55  Drone  
  17  0:58  Drone  
  17  1:02  Extractor  
  17  1:14  Spawning Pool  
  17  1:18  Drone  
  17  1:20  Drone  
  18  1:28  Drone  
  19  1:38  Overlord  
  19  1:50  Drone  
  20  2:03  Queen  
  20  2:04  Queen, Metabolic Boost  
  20  2:06  Zergling x2  
  25  2:09  Zergling x2  
  25  2:12  Zergling x2  
  25  2:15  Drone  
  28  2:23  Drone  
  28  2:26  Drone  
  30  2:39  Queen  
  30  2:40  Queen  
  30  2:41  Overlord  
  34  2:44  Overlord  
  34  3:02  Drone  
  34  3:03  Hatchery  
  34  3:04  Drone  
  35  3:06  Drone  
  35  3:09  Drone  
  35  3:10  Drone  
  38  3:13  Drone  
  38  3:15  Drone  
  38  3:18  Drone  
  42  3:20  Drone  
  42  3:22  Drone  
  42  3:24  Drone  
  44  3:30  Drone x2  
  46  3:35  Queen  
  46  3:40  Queen  
  50  3:43  Drone  
  51  3:50  Overlord x2  
  51  3:53  Overlord  
  51  3:58  Drone  
  52  4:03  Extractor  
  52  4:05  Extractor  
  52  4:09  Drone x3  
  54  4:10  Drone  
  54  4:15  Drone x2  
  56  4:29  Evolution Chamber  
  55  4:31  Evolution Chamber  
  55  4:33  Drone  
  55  4:34  Drone x2, Baneling Nest  
  55  4:37  Drone x4  
  55  4:38  Drone x3  
  63  4:55  Zerg Missile Weapons Level 1  
  63  4:57  Zerg Ground Armor Level 1  
  63  5:00  Zergling x18  
  63  5:03  Lair  
  63  5:05  Extractor  
  71  5:07  Drone x2  
  73  5:14  Drone  
  73  5:15  Overlord  
  73  5:16  Overlord  
  73  5:17  Overlord  
  74  5:21  Baneling x3  
  74  5:22  Baneling  
  74  5:34  Drone  
  76  5:35  Drone x2  
  76  5:36  Drone  
  78  5:44  Drone x8  
  86  5:50  Extractor  
  85  5:57  Drone x3  
  85  5:58  Drone x2  
  90  6:06  Centrifical Hooks  
  90  6:07  Hydralisk Den  
  90  6:10  Drone x2  
  91  6:16  Overlord x5  
  91  6:24  Drone, Extractor  
  91  6:26  Hatchery  
  90  6:37  Muscular Augments  
  90  6:39  Zergling x2  
  91  6:40  Zergling x20  
  101  6:53  Zerg Missile Weapons Level 2, Zerg Ground Armor Level 2  
  101  6:56  Hydralisk x3, Infestation Pit  
  101  6:57  Hydralisk x2  
  101  6:58  Hydralisk  
  101  7:00  Hydralisk  
  114  7:13  Hydralisk  
  114  7:14  Hydralisk x5  
  126  7:26  Drone  
  126  7:27  Drone x7  
  134  7:33  Hive  
  134  7:47  Overlord  
  134  7:48  Overlord x3, Grooved Spines  
  134  7:52  Hatchery  
  133  8:01  Drone x3  
  133  8:02  Drone x6  
  133  8:03  Drone  
  133  8:05  Extractor x2  
  141  8:06  Spine Crawler  
  141  8:07  Spine Crawler  
  141  8:11  Drone x3  
  142  8:33  Drone x5  
  147  8:41  Hydralisk x5  
  147  8:44  Hydralisk  
  147  8:45  Hydralisk x3, Queen  
  147  8:46  Hydralisk x2  
  171  8:55  Hatchery, Extractor  
  170  8:56  Extractor  
  168  9:06  Hydralisk  
  170  9:11  Ultralisk Cavern  
  170  9:13  Zerg Missile Weapons Level 3, Zerg Ground Armor Level 3  
  169  9:26  Hydralisk x6  
  169  9:28  Overlord x3  
  169  9:29  Overlord x2  
  181  9:48  Evolution Chamber, Pathogen Glands  
  180  10:12  Chitinous Plating  
  180  10:18  Spire  
  180  10:20  Spire  
  178  10:43  Burrow  
  178  10:52  Hydralisk x9  
  178  10:53  Hydralisk x3  
  199  11:24  Overlord  
Show
View Real Time Build Order
Export as new Build Order

A.I. 1 (Very Easy) Terran 

Build Orders: Reaper Expand 

Get SALT Encoding   

  12  0:00  SCV  
  13  0:13  SCV  
  14  0:18  Supply Depot  
  14  0:44  Barracks  
  14  1:05  Command Center  
  14  1:32  Supply Depot  
  14  1:33  Marine, Orbital Command  
  15  1:40  Refinery  
  15  1:52  Refinery  
  15  1:59  SCV  
  16  2:11  SCV  
  17  2:17  SCV  
  17  2:20  Reaper  
  19  2:24  SCV  
  20  2:31  SCV  
  21  2:38  SCV  
  22  2:45  SCV  
  23  2:53  SCV  
  23  2:57  Refinery  
  24  3:00  SCV  
  24  3:03  Marine  
  26  3:07  SCV  
  27  3:14  SCV  
  28  3:21  SCV  
  28  3:22  Factory  
  28  3:44  Refinery  
  28  3:45  SCV  
  28  3:47  Marine  
  30  3:52  SCV  
  31  4:00  SCV  
  32  4:03  Supply Depot  
  32  4:07  SCV  
  33  4:10  Starport  
  33  4:15  SCV  
  34  4:22  SCV  
  35  4:29  SCV  
  36  4:31  Barracks Tech Lab  
  36  4:36  SCV  
  37  4:43  SCV  
  38  4:46  Starport Tech Lab, Supply Depot  
  38  4:49  Marine  
  38  4:50  SCV  
  40  4:58  SCV  
  41  5:05  SCV  
  41  5:06  Raven  
  43  5:12  SCV  
  44  5:19  SCV  
  45  5:26  SCV  
  46  5:32  Marine  
  46  5:33  SCV  
  48  5:49  Raven  
  50  6:00  SCV  
  50  6:17  Marauder  
  52  7:00  Reaper  
  53  10:48  Reaper  
  45  10:57  Medivac  
  45  11:00  Supply Depot  
  47  11:08  SCV  
  45  11:21  Marauder  
  47  11:27  Medivac  
  45  11:35  SCV  
  45  11:37  Supply Depot  
  36  11:42  Marine  
  26  11:50  SCV  
Tags
 
Add a new tag
Caveats
  • Supply blocks, unpowered buildings, or Contaminate may cause inaccurate times.
  • Supply counts are checked every 10 seconds.